[Event "ICCopen2017"]
[Site "Internet Chess Club"]
[Date "2017.03.19"]
[Round "3"]
[White "shirovinster"]
[Black "mikrotonic2"]
[Result "1-0"]
[ICCResult "Black forfeits on time"]
[WhiteElo "1520"]
[BlackElo "1639"]
[Opening "English opening"]
[ECO "A10"]
[NIC "EO.64"]
[Time "19:35:29"]
[TimeControl "180+0"]

1. c4 g6 2. Nc3 Bg7 3. g3 Nf6 4. Bg2 d6 5. Nf3 e5 6. O-O O-O 7. d3 c6 8. Rb1
Nbd7 9. b4 a5 10. b5 c5 11. Nd2 Rb8 12. a4 b6 13. Nde4 Qe7 14. Bg5 h6 15.
Nd5 Qe6 16. Nc7 Qe7 17. Nd5 Qe6 18. Nexf6+ Nxf6 19. Nxf6+ Bxf6 20. Bxh6 Re8
21. Be3 Bg7 22. Qd2 Bb7 23. Rbe1 Bxg2 24. Kxg2 d5 25. f3 Kh7 26. cxd5 Qxd5
27. h4 f5 28. Rh1 Rh8 29. h5 Kg8 30. hxg6 Qe6 31. Rxh8+ Kxh8 32. Rh1+ Kg8
33. Bh6 Qxg6 34. Bxg7 Qxg7 35. Qe3 f4 36. Qf2 fxg3 37. Qxg3 Qxg3+ 38. Kxg3
Kf7 39. Rh5 Ke6 40. e4 Rg8+ 41. Kf2 Rg6 42. Rh7 Kd6 43. Rh4 c4 44. dxc4 Kc5
45. Rh5 Re6 46. Ke3 Kxc4 47. f4 exf4+ 48. Kxf4 Kb4 49. Kf5 Re8 50. e5 Kxa4
51. Kf6 Kxb5 52. e6+ Kc4 53. Kf7 Rxe6 54. Kxe6 b5 55. Kd6 a4 56. Rh3 b4 57.
Kc6 a3 58. Rh1 b3 59. Kb6 a2 60. Rh4+ {Black forfeits on time} 1-0

[Event "ICCopen2017"]
[Site "Internet Chess Club"]
[Date "2017.03.19"]
[Round "3"]
[White "fishbein"]
[Black "mvillalba"]
[Result "1-0"]
[ICCResult "Black forfeits on time"]
[WhiteElo "2644"]
[BlackElo "2153"]
[Opening "English opening"]
[ECO "A30"]
[NIC "QP.11"]
[Time "19:35:21"]
[TimeControl "180+0"]

1. Nf3 Nf6 2. c4 c5 3. Nc3 b6 4. d4 cxd4 5. Nxd4 Bb7 6. f3 a6 7. e4 d6 8.
Be2 e6 9. Be3 Be7 10. Qa4+ Qd7 11. Qxd7+ Nbxd7 12. O-O O-O 13. Rac1 Rac8 14.
b3 Rfe8 15. Rfd1 Nc5 16. Bf2 Red8 17. Kh1 h6 18. Bg3 Ncd7 19. Na4 Ne8 20.
Bf1 Rb8 21. Ne2 Rbc8 22. Nec3 Bc6 23. b4 Bb7 24. Bf2 Rc6 25. b5 axb5 26.
cxb5 Rc5 27. Nxc5 bxc5 28. a4 Ra8 29. Ra1 Bd8 30. Be1 Ba5 31. Ne2 Nb6 32.
Bxa5 Rxa5 33. Nc3 Kf8 34. Bd3 Ke7 35. Bc2 Nc7 36. Ne2 d5 37. exd5 exd5 38.
Nc1 c4 39. Ne2 Kd6 40. Nd4 Kc5 41. Nf5 Ne6 42. Rdc1 d4 43. Ng3 g6 44. Be4
Bc8 45. Bc6 c3 46. Ne4+ Kc4 47. Nd6+ Kc5 48. Ne4+ Kc4 49. Nd6+ Kc5 50. Nxf7
Kc4 51. Nd6+ Kc5 52. Ne4+ Kc4 53. Nd6+ Kc5 54. Nxc8 Nxc8 55. Bd7 Nb6 56.
Bxe6 Kd6 57. Bb3 Kc5 58. Bc2 Kb4 59. Bxg6 Nd5 60. Bd3 Ne3 61. b6 Kb3 62. b7
{Black forfeits on time}
1-0

[Event "ICCopen2017"]
[Site "Internet Chess Club"]
[Date "2017.03.19"]
[Round "3"]
[White "Chaos23"]
[Black "ivancele"]
[Result "1-0"]
[ICCResult "Black forfeits on time"]
[WhiteElo "1887"]
[BlackElo "1519"]
[Opening "Pirc defense"]
[ECO "B07"]
[NIC "PU.08"]
[Time "19:35:40"]
[TimeControl "180+0"]

1. e4 d6 2. d4 Nf6 3. f3 c6 4. c4 g6 5. Nc3 Qc7 6. Be3 Bg7 7. Qd2 O-O 8. Bd3
a6 9. Nge2 e5 10. d5 c5 11. Bh6 Nbd7 12. h4 Re8 13. g4 Nf8 14. h5 Rb8 15. a4
b6 16. Bxg7 Kxg7 17. hxg6 fxg6 18. Qh6+ Kg8 19. Ng3 Qg7 20. Qh4 Bd7 21. g5
Nh5 22. Nxh5 gxh5 23. Qxh5 Ng6 24. Ne2 Rf8 25. Kf2 Nf4 26. Nxf4 Rxf4 27.
Rag1 Rbf8 28. Rg3 Bxa4 29. g6 h6 30. Qxh6 Qxh6 31. Rxh6 R8f6 32. Rh1 Be8 33.
g7 Bg6 34. Rh8+ Kxg7 35. Rb8 Kh6 36. Rxb6 Bh5 37. Be2 a5 38. Ra6 Rg6 39.
Rxg6+ Bxg6 40. Rxd6 Kg5 41. Re6 Kh4 42. Rxg6 {Black forfeits on time} 1-0

[Event "ICCopen2017"]
[Site "Internet Chess Club"]
[Date "2017.03.19"]
[Round "3"]
[White "giovana64"]
[Black "A4-H5"]
[Result "1-0"]
[ICCResult "Black forfeits on time"]
[WhiteElo "1493"]
[BlackElo "1871"]
[Opening "Old Benoni defense"]
[ECO "A43"]
[NIC "OI.09"]
[Time "19:35:06"]
[TimeControl "180+0"]

1. d4 c5 2. d5 b5 3. c4 b4 4. e4 d6 5. h3 g6 6. Nf3 Bg7 7. Qc2 Nf6 8. Bf4
O-O 9. Nbd2 Nbd7 10. Bd3 a5 11. O-O a4 12. Rae1 b3 13. axb3 axb3 14. Nxb3
Rb8 15. e5 Nh5 16. Bh2 Qb6 17. Nbd2 Qxb2 18. Qxb2 Rxb2 19. exd6 exd6 20.
Bxd6 Bc3 21. Bxf8 Kxf8 22. Rd1 Nf4 23. Nb1 Bb4 24. g3 Nxh3+ 25. Kg2 Nf6 26.
Nbd2 Bxd2 27. Rxd2 Rb3 28. Rb1 Rxb1 29. Bxb1 h6 30. Ne5 Ng5 31. f3 h5 32.
Nc6 Bd7 33. Rb2 Kg7 34. Ne5 Be8 35. d6 Nd7 36. Nxd7 Bxd7 37. Rb7 Bc6 38. d7
Bxb7 39. d8=Q Bc6 40. Qd6 Ba4 41. Qe5+ f6 42. Qe7+ Nf7 43. Qxc5 Bd1 44. Qd4
Ba4 45. c5 Bc6 46. g4 hxg4 47. Kg3 gxf3 48. Bd3 Ne5 49. Qd6 g5 50. Bf5 Be8
51. Qc7+ Bf7 52. c6 Kf8 53. Qb8+ Kg7 54. c7 Be6 55. c8=Q Bxc8 56. Qxc8 Nf7
57. Qe6 Kf8 58. Be4 Ne5 59. Bd5 f2 60. Qg8+ Ke7 61. Kxf2 Kd6 62. Qe6+ Kc5
63. Qb6+ {Black forfeits on time} 1-0

[Event "ICCopen2017"]
[Site "Internet Chess Club"]
[Date "2017.03.19"]
[Round "3"]
[White "ylr5000"]
[Black "saya"]
[Result "0-1"]
[ICCResult "White forfeits on time"]
[WhiteElo "2285"]
[BlackElo "2822"]
[Opening "English opening"]
[ECO "A20"]
[NIC "EO.24"]
[Time "19:35:32"]
[TimeControl "180+0"]

1. c4 e5 2. g3 Bc5 3. Bg2 d6 4. Nc3 a6 5. e3 Nc6 6. Nge2 Ba7 7. O-O Nge7 8.
b3 h5 9. h3 h4 10. g4 f5 11. gxf5 Bxf5 12. d4 Qd7 13. Kh2 O-O-O 14. d5 Nb8
15. e4 Bg6 16. f4 Bh5 17. Qd3 Rdf8 18. Be3 Bxe3 19. Qxe3 Bxe2 20. Nxe2 exf4
21. Nxf4 Rf6 22. Ne6 Ng6 23. Rxf6 gxf6 24. c5 dxc5 25. Qxc5 b6 26. Qc3 Qd6+
27. Kh1 Ne5 28. Rc1 Rh7 29. Rf1 Nbd7 30. b4 Re7 31. Rc1 Nb8 32. Nd4 Rd7 33.
Nf5 Qf8 34. d6 c6 35. Qe3 Kb7 36. a4 Rxd6 37. a5 Nbd7 38. Nxd6+ Qxd6 39.
axb6 Qxb4 40. Qf2 Nd3 41. Qf1 Nxc1 42. Qxc1 Ne5 43. Qf4 Qe1+ 44. Kh2 Kxb6
45. Qxf6 Qg3+ 46. Kh1 Qe1+ 47. Kh2 Qg3+ 48. Kh1 Qc3 49. Qxh4 Qc1+ 50. Kh2
Qb2 51. Qd8+ Kb7 52. Qe7+ Kb8 53. h4 Nf3+ 54. Kg3 Qe5+ {White forfeits on
time} 0-1

[Event "ICCopen2017"]
[Site "Internet Chess Club"]
[Date "2017.03.19"]
[Round "3"]
[White "krankenstein"]
[Black "cheslikeyomama"]
[Result "1-0"]
[ICCResult "Black forfeits on time"]
[WhiteElo "1082"]
[BlackElo "1368"]
[Opening "Modern defense"]
[ECO "A40"]
[NIC "QO.17"]
[Time "19:34:53"]
[TimeControl "180+0"]

1. d4 g6 2. a3 Bg7 3. Nf3 d6 4. e4 f5 5. Nc3 Nh6 6. Be3 fxe4 7. Nxe4 O-O 8.
Bc4+ d5 9. Bd3 dxe4 10. Bxe4 Nf5 11. Bf4 Nc6 12. O-O Nh6 13. c3 Nf7 14. Qc1
e5 15. dxe5 Ncxe5 16. Nxe5 Nxe5 17. Rd1 Qf6 18. Bg5 Qb6 19. Be3 Qa6 20. Bd5+
Be6 21. Bxe6+ Qxe6 22. Bh6 Qg4 23. Bxg7 Kxg7 24. Rd4 Nf3+ 25. Kh1 Nxd4 26.
cxd4 Rxf2 27. Qxc7+ Kh6 28. Rg1 Raf8 29. h3 Qf4 30. Qxb7 Qxd4 31. Re1 Rf1+
32. Rxf1 Rxf1+ 33. Kh2 Qf4+ 34. g3 Rf2+ 35. Qg2 {Black forfeits on time} 1-0

[Event "ICCopen2017"]
[Site "Internet Chess Club"]
[Date "2017.03.19"]
[Round "3"]
[White "YKQ"]
[Black "GrandPatzer5"]
[Result "1-0"]
[ICCResult "Black forfeits on time"]
[WhiteElo "2490"]
[BlackElo "1850"]
[Opening "Queen's pawn: Lundin (Kevitz-Mikenas) defense"]
[ECO "A40"]
[NIC "QO.17"]
[Time "19:35:53"]
[TimeControl "180+0"]

1. d4 Nc6 2. d5 Ne5 3. e4 e6 4. c4 exd5 5. cxd5 Bc5 6. Nc3 Nf6 7. Be2 d6 8.
Nf3 O-O 9. Nxe5 dxe5 10. O-O Qe7 11. Bg5 h6 12. Bh4 a5 13. Kh1 g5 14. Bg3 b6
15. Rc1 Bd7 16. a3 Rad8 17. f3 c6 18. Bc4 Nh5 19. Bf2 Nf4 20. Bxc5 Qxc5 21.
Ba2 Qe7 22. Qb3 c5 23. Qxb6 Rb8 24. Qxh6 Rxb2 25. d6 Qd8 26. g3 Be6 27. Bxe6
Nxe6 28. Nd5 f6 29. Ne7+ Kf7 30. Qh5+ Kg7 31. Nf5+ Kg8 32. Qg6+ Kh8 33. Qh6+
Kg8 34. Qg6+ Kh8 35. Rb1 Rxb1 36. Rxb1 Qd7 37. Qh6+ Qh7 38. Qxh7+ Kxh7 39.
Rb7+ Kg6 40. Re7 {Black forfeits on time} 1-0

[Event "ICCopen2017"]
[Site "Internet Chess Club"]
[Date "2017.03.19"]
[Round "3"]
[White "Massada"]
[Black "metroactus"]
[Result "1-0"]
[ICCResult "Black checkmated"]
[WhiteElo "1500"]
[BlackElo "1173"]
[Opening "King's pawn opening"]
[ECO "B07"]
[NIC "VO.17"]
[Time "19:36:57"]
[TimeControl "180+0"]

1. e4 d6 2. Nf3 Nf6 3. Nc3 g6 4. Bc4 Bg7 5. h3 O-O 6. O-O Nxe4 7. Nxe4 d5 8.
Bb3 dxe4 9. Ng5 e6 10. Nxe4 Nc6 11. c3 b6 12. Qf3 Bb7 13. d3 Ne5 14. Qg3 Qe7
15. f4 Nc6 16. Be3 Rad8 17. Rad1 a6 18. Ng5 h6 19. Nf3 Na5 20. Bc2 c5 21.
Nh4 Nc6 22. a3 e5 23. Bb3 exf4 24. Rxf4 g5 25. Rg4 Ne5 26. Bxg5 hxg5 27.
Rxg5 Qf6 28. Nf5 Rxd3 29. Rxg7+ Qxg7 30. Qxg7# {Black checkmated} 1-0

[Event "ICCopen2017"]
[Site "Internet Chess Club"]
[Date "2017.03.19"]
[Round "3"]
[White "LiangLiang"]
[Black "WoodPushkin"]
[Result "1-0"]
[ICCResult "Black forfeits on time"]
[WhiteElo "1790"]
[BlackElo "1562"]
[Opening "Sicilian defense"]
[ECO "B44"]
[NIC "SI.39"]
[Time "19:35:40"]
[TimeControl "180+0"]

1. e4 c5 2. Nf3 e6 3. d4 cxd4 4. Nxd4 Nc6 5. Be3 Nf6 6. Bd3 d5 7. Nxc6 bxc6
8. e5 Nd7 9. f4 f6 10. Qh5+ Ke7 11. O-O Qe8 12. Qe2 f5 13. Bf2 c5 14. Bh4+
Kf7 15. c4 d4 16. Nd2 Be7 17. Be1 Rf8 18. Nf3 h6 19. Bd2 Bb7 20. Rae1 Kg8
21. Qf2 Kh7 22. g4 g6 23. g5 h5 24. Nh4 Rg8 25. b3 Be4 26. Rxe4 fxe4 27.
Bxe4 Rb8 28. Qf3 Nb6 29. Qxh5+ Kg7 30. Qh6+ Kf7 31. Bxg6+ Rxg6 32. Qxg6+ Kf8
33. Qh6+ {Black forfeits on time} 1-0

[Event "ICCopen2017"]
[Site "Internet Chess Club"]
[Date "2017.03.19"]
[Round "3"]
[White "qs16"]
[Black "ROWLAND"]
[Result "1/2-1/2"]
[ICCResult "White stalemated"]
[WhiteElo "1344"]
[BlackElo "1454"]
[Opening "Queen's pawn game"]
[ECO "A45"]
[NIC "QP.07"]
[Time "19:35:42"]
[TimeControl "180+0"]

1. d4 Nf6 2. Nd2 g6 3. e3 Bg7 4. Bd3 O-O 5. f4 d5 6. Ngf3 c5 7. c3 Nc6 8.
O-O Bg4 9. Qe1 c4 10. Bc2 Bf5 11. Bxf5 gxf5 12. Ne5 Ne4 13. Nxe4 fxe4 14.
Qg3 Kh8 15. Nxc6 bxc6 16. b3 cxb3 17. axb3 e6 18. Ba3 Rg8 19. Qh3 Qf6 20.
Bd6 Qg6 21. Be5 f6 22. Bd6 Bf8 23. Bxf8 Raxf8 24. f5 exf5 25. Rxf5 Rf7 26.
Raf1 Rfg7 27. Rxf6 Qxg2+ 28. Qxg2 Rxg2+ 29. Kh1 Rc2 30. Rxc6 Rgg2 31. Rh6
Kg7 32. Rh3 Rgf2 33. Ra1 Kh8 34. Kg1 Rfd2 35. Rf1 Rg2+ 36. Kh1 Rgf2 37. Rxf2
Rxf2 38. Rh5 Rc2 39. Rxd5 Rxc3 40. Rd8+ Kg7 41. Rd7+ Kg6 42. Rxa7 Rxb3 43.
d5 Rxe3 44. d6 Rd3 45. d7 Kf6 46. d8=Q+ Rxd8 47. Rxh7 Rg8 48. Rh3 Kf5 49.
Rg3 Rxg3 50. hxg3 Kg4 51. Kg2 e3 52. Kf1 Kxg3 53. Ke2 Kf4 54. Ke1 Kf3 55.
Kf1 Ke4 56. Ke2 Kd4 57. Ke1 Kd3 58. Kd1 e2+ 59. Ke1 Ke3 {White stalemated}
1/2-1/2

[Event "ICCopen2017"]
[Site "Internet Chess Club"]
[Date "2017.03.19"]
[Round "3"]
[White "Fuzz0410"]
[Black "Alwaysontime"]
[Result "0-1"]
[ICCResult "White forfeits on time"]
[WhiteElo "1608"]
[BlackElo "2181"]
[Opening "Queen's pawn game"]
[ECO "E10"]
[NIC "QI.01"]
[Time "19:36:51"]
[TimeControl "180+0"]

1. d4 Nf6 2. Nf3 e6 3. c4 d5 4. Nbd2 Be7 5. e3 O-O 6. Bd3 c5 7. O-O Nc6 8.
dxc5 Bxc5 9. Nb3 Be7 10. Qc2 Nb4 11. Qe2 Nxd3 12. Qxd3 b6 13. Bd2 Ba6 14.
Ne5 dxc4 15. Qxd8 Rfxd8 16. Nd4 c3 17. Bxc3 Bxf1 18. Kxf1 Nd5 19. Ndc6 Re8
20. Bd4 Bf6 21. a3 Ne7 22. Nb4 Bxe5 23. Bxe5 a5 24. Nd3 Red8 25. Ke2 Rac8
{White forfeits on time}
0-1

[Event "ICCopen2017"]
[Site "Internet Chess Club"]
[Date "2017.03.19"]
[Round "3"]
[White "Alright2015"]
[Black "DaGame"]
[Result "0-1"]
[ICCResult "White checkmated"]
[WhiteElo "2260"]
[BlackElo "2743"]
[Opening "Queen's pawn: Yusupov-Rubinstein system"]
[ECO "A46"]
[NIC "QP.06"]
[Time "19:35:05"]
[TimeControl "180+0"]

1. Nf3 Nf6 2. d4 e6 3. e3 b6 4. Bd3 Bb7 5. O-O d5 6. b3 Bd6 7. Bb2 O-O 8.
Nbd2 Ne4 9. Ne5 Nd7 10. f3 Nxd2 11. Qxd2 Nxe5 12. dxe5 Bc5 13. b4 Be7 14. a3
a5 15. f4 c6 16. Rad1 Ba6 17. Bxa6 Rxa6 18. Qd3 Qa8 19. b5 cxb5 20. Qxb5 Rc8
21. Rd2 Rc5 22. Qd3 g6 23. Bd4 Rc4 24. Rb1 Qc6 25. Qb3 a4 26. Qb2 b5 27. c3
Ra8 28. g4 Rb8 29. Rf1 Bc5 30. f5 Bxd4 31. cxd4 Rc3 32. Re2 Rb3 33. Qd2 Qc3
34. fxe6 fxe6 35. Rf6 Qxd2 36. Rxd2 Rxa3 37. Rc2 Rb7 38. Rxe6 b4 39. g5 Rc3
40. Rf2 Rc8 41. Ra6 a3 42. e6 b3 43. Rxa3 b2 44. Rf1 Rc1 45. Ra8+ Kg7 46.
Rf8 b1=Q 47. Kg2 Rxf1 48. Rxf1 Rb2+ 49. Rf2 Rxf2+ 50. Kxf2 Qe4 51. h4 Qxe6
52. Kf3 Qe4+ 53. Kg3 Kf7 54. h5 Ke6 55. Kf2 Kf5 56. Kg3 Kxg5 57. hxg6 hxg6
58. Kf2 Kg4 59. Ke2 Kg3 60. Kd2 g5 61. Ke2 g4 62. Kf1 Kf3 63. Ke1 Qxe3+ 64.
Kd1 Qe2+ 65. Kc1 Ke3 66. Kb1 Kd3 67. Kc1 Kc3 68. Kb1 Qb2# {White checkmated}
0-1

[Event "ICCopen2017"]
[Site "Internet Chess Club"]
[Date "2017.03.19"]
[Round "3"]
[White "burbur"]
[Black "KRASAVCHIK"]
[Result "0-1"]
[ICCResult "White resigns"]
[WhiteElo "2477"]
[BlackElo "3315"]
[Opening "English opening"]
[ECO "A30"]
[NIC "EO.26"]
[Time "19:35:15"]
[TimeControl "180+0"]

1. Nf3 Nf6 2. c4 c5 3. g3 g6 4. Bg2 Bg7 5. O-O O-O 6. d4 cxd4 7. Nxd4 Nc6 8.
Nc3 Qa5 9. Nb3 Qh5 10. e4 d6 11. Qxh5 Nxh5 12. Nd5 Nf6 13. Rb1 Nxd5 14. cxd5
Ne5 15. Be3 Bg4 16. f3 Nc4 17. Bd4 Bd7 18. Bxg7 Kxg7 19. Rf2 Rfc8 20. Bf1 a5
21. Nd4 Rc5 22. Rc2 Ne3 23. Rxc5 dxc5 24. Nb3 Nxf1 25. Kxf1 b6 26. a3 e6 27.
dxe6 Bxe6 28. Nd2 Rd8 29. Ke2 b5 30. b3 Rc8 31. Rc1 f6 32. Ke3 Kf7 33. f4
Ke7 34. a4 bxa4 35. bxa4 Rc7 36. Nc4 Bxc4 37. Rxc4 Kd6 38. Rc3 Rb7 39. Rd3+
Kc6 40. e5 fxe5 41. fxe5 c4 42. Rd8 Kc5 43. Ke4 Re7 44. Rc8+ Kb4 45. Kd5
Rd7+ 46. Kc6 Rd2 47. e6 c3 48. e7 c2 49. e8=Q c1=Q+ 50. Kb7 Qh1+ 51. Kb8 Qd5
52. Qf8+ Qd6+ 53. Qxd6+ Rxd6 54. Rc7 h5 55. Kb7 Kxa4 56. Rc5 Kb4 57. Rg5 a4
58. g4 h4 59. Re5 a3 60. Re4+ Kb3 61. Re3+ Kb4 62. Re4+ Kc3 63. Re3+ Rd3 64.
Re6 a2 65. Rc6+ Kb2 66. Rb6+ Rb3 {White resigns} 0-1

[Event "ICCopen2017"]
[Site "Internet Chess Club"]
[Date "2017.03.19"]
[Round "3"]
[White "MrWizard"]
[Black "JUGGERNOT"]
[Result "1-0"]
[ICCResult "Black forfeits on time"]
[WhiteElo "2013"]
[BlackElo "1729"]
[Opening "Queen's pawn game"]
[ECO "D02"]
[NIC "QP.08"]
[Time "19:35:39"]
[TimeControl "180+0"]

1. d4 d5 2. Nf3 c6 3. Bf4 Bf5 4. e3 e6 5. Bd3 Bg6 6. h4 Nd7 7. h5 Bxd3 8.
cxd3 h6 9. Nc3 Ne7 10. Ne5 Nxe5 11. Bxe5 f6 12. Bg3 Nf5 13. Qg4 Nxg3 14.
Qg6+ Kd7 15. Qxg3 Qc7 16. Qg6 Re8 17. f4 Re7 18. e4 Kc8 19. O-O Qb6 20. exd5
Qxd4+ 21. Kh1 exd5 22. Rac1 Re3 23. Rfe1 Rxe1+ 24. Rxe1 Bd6 25. Qxg7 Rd8 26.
Qg4+ Kc7 27. g3 Qxd3 28. Kg2 f5 29. Qf3 Qc4 30. Re6 Rg8 31. Rxh6 Bxf4 32.
Rh7+ Kb6 33. Ne2 Bd6 34. Qb3+ Qxb3 35. axb3 f4 36. h6 fxg3 37. Rg7 Rh8 38.
h7 Be5 39. Rf7 c5 40. Nxg3 Bxg3 41. Kxg3 c4 42. bxc4 dxc4 43. Kf4 a5 44. Ke4
Kc5 45. Ke3 b5 46. Kd2 b4 47. Kc2 a4 48. Rc7+ Kb5 49. Rb7+ Kc5 50. Rc7+ Kb5
51. Rf7 a3 52. bxa3 bxa3 53. Kb1 Kb4 54. Ka2 Kc3 55. Rb7 Kd2 56. Rd7+ Kc1
57. Kxa3 c3 58. Kb3 c2 59. Rc7 Rb8+ 60. Kc4 Rh8 61. Kd3 {Black forfeits on
time} 1-0

[Event "ICCopen2017"]
[Site "Internet Chess Club"]
[Date "2017.03.19"]
[Round "3"]
[White "AnthonyRaelund"]
[Black "shally"]
[Result "0-1"]
[ICCResult "White forfeits on time"]
[WhiteElo "1444"]
[BlackElo "1913"]
[Opening "English opening"]
[ECO "A20"]
[NIC "EO.24"]
[Time "19:35:29"]
[TimeControl "180+0"]

1. c4 e5 2. g3 f5 3. Bg2 Nf6 4. Nc3 Bb4 5. Nd5 Nxd5 6. cxd5 O-O 7. Nf3 d6 8.
O-O Bc5 9. d4 exd4 10. Nxd4 Qf6 11. Ne6 Bxe6 12. dxe6 c6 13. Rb1 d5 14. Qb3
Bb6 15. Be3 Bxe3 16. Qxe3 b6 17. Rfd1 Na6 18. a3 Rfe8 19. b4 Rxe6 20. Qd3
Nc7 21. Rbc1 Rd8 22. Qb3 Kh8 23. e3 h6 24. Bxd5 Nxd5 25. b5 Red6 26. bxc6
Rxc6 27. Rxc6 Qxc6 28. Qd3 Qe6 29. Qa6 Rd7 30. Qc8+ Kh7 31. Rd4 Nf6 32. Rxd7
Qxd7 33. Qc2 Ne4 34. Qb3 Qd2 35. Qe6 Qxf2+ {White forfeits on time} 0-1

[Event "ICCopen2017"]
[Site "Internet Chess Club"]
[Date "2017.03.19"]
[Round "3"]
[White "habishek"]
[Black "canary2016"]
[Result "1-0"]
[ICCResult "Black forfeits on time"]
[WhiteElo "1034"]
[BlackElo "1278"]
[Opening "Caro-Kann: closed (Breyer) variation"]
[ECO "B10"]
[NIC "CK.01"]
[Time "19:35:48"]
[TimeControl "180+0"]

1. e4 c6 2. d3 d5 3. exd5 cxd5 4. Nf3 Nc6 5. Be2 Bf5 6. Be3 Bg6 7. Nc3 Nf6
8. d4 e6 9. a3 Bd6 10. Bb5 O-O 11. Bxc6 bxc6 12. O-O Rb8 13. b4 Re8 14. Qd2
Qc7 15. Ne2 Ne4 16. Qd1 Red8 17. Ng5 Bxh2+ 18. Kh1 Nxg5 19. Bxg5 Re8 20. g3
h6 21. Bf4 Qb7 22. Bxb8 Rxb8 23. Kxh2 {Black forfeits on time} 1-0

[Event "ICCopen2017"]
[Site "Internet Chess Club"]
[Date "2017.03.19"]
[Round "3"]
[White "ChessOlympian"]
[Black "Ricardov"]
[Result "0-1"]
[ICCResult "White forfeits on time"]
[WhiteElo "1733"]
[BlackElo "2259"]
[Opening "Four knights: Scotch, 4...exd4"]
[ECO "C47"]
[NIC "KP.06"]
[Time "19:35:37"]
[TimeControl "180+0"]

1. e4 e5 2. Nf3 Nc6 3. Nc3 Nf6 4. d4 exd4 5. Nxd4 Bb4 6. Nxc6 dxc6 7. Bd3
Ng4 8. O-O Qh4 9. h3 h5 10. Bf4 Bd6 11. Qf3 Ne5 12. Bxe5 Bxe5 13. Qe3 g5 14.
Ne2 g4 15. c3 gxh3 16. g3 h2+ 17. Kh1 Qh3 18. Nf4 Bxf4 19. Qxf4 Be6 20. Qf6
Rh7 21. Rad1 h4 22. g4 Bxg4 23. f3 Be6 24. e5 Rh5 {White forfeits on time}
0-1

[Event "ICCopen2017"]
[Site "Internet Chess Club"]
[Date "2017.03.19"]
[Round "3"]
[White "JESSEJOSE"]
[Black "fueguino"]
[Result "1/2-1/2"]
[ICCResult "Game drawn because neither player has mating material"]
[WhiteElo "1674"]
[BlackElo "1891"]
[Opening "Sicilian: Canal-Sokolsky (Nimzovich-Rossolimo, Moscow) attack"]
[ECO "B51"]
[NIC "SI.01"]
[Time "19:35:30"]
[TimeControl "180+0"]

1. e4 c5 2. Nf3 d6 3. Bb5+ Nd7 4. a4 a6 5. Bc4 e6 6. d3 Ngf6 7. Nc3 Be7 8.
O-O O-O 9. h3 Rb8 10. a5 Ne5 11. Nxe5 dxe5 12. Qe1 Bd7 13. Be3 Bc6 14. Kh1
Nh5 15. Qd2 Kh8 16. Ne2 f5 17. exf5 exf5 18. f4 e4 19. d4 cxd4 20. Qxd4 Bf6
21. Qxd8 Rbxd8 22. c3 g6 23. Rfd1 h6 24. Bb6 Rxd1+ 25. Rxd1 g5 26. g4 Nxf4
27. Nxf4 gxf4 28. gxf5 e3+ 29. Kh2 f3 30. Bc5 Be5+ 31. Kg1 Rxf5 32. Bxe3 Bf4
33. Rd8+ Kg7 34. Bd4+ Be5 35. Bxe5+ Rxe5 36. Kf2 Rg5 37. Rg8+ Kf6 38. Rxg5
hxg5 39. Bd3 Ke5 40. Bg6 Kf4 41. Bf7 Bd7 42. Bd5 Bxh3 43. Bxf3 g4 44. Bxb7
g3+ 45. Kg1 Be6 46. b4 Bc4 47. Bc6 Ke3 48. b5 axb5 49. a6 b4 50. cxb4 Bxa6
51. b5 Bxb5 52. Bxb5 Kd4 53. Bf1 Kc5 54. Kg2 Kd6 55. Kxg3
{Game drawn because neither player has mating material}
1/2-1/2

[Event "ICCopen2017"]
[Site "Internet Chess Club"]
[Date "2017.03.19"]
[Round "3"]
[White "doug50"]
[Black "Paganini2"]
[Result "0-1"]
[ICCResult "White forfeits on time"]
[WhiteElo "1189"]
[BlackElo "1440"]
[Opening "Levitsky attack (Queen's bishop attack)"]
[ECO "D00"]
[NIC "QP.08"]
[Time "19:35:56"]
[TimeControl "180+0"]

1. d4 d5 2. Bg5 h6 3. Bh4 Nf6 4. Bxf6 exf6 5. Nf3 Bd6 6. c3 O-O 7. e3 Re8 8.
Bd3 Bg4 9. Nbd2 f5 10. Qc2 f4 11. O-O-O fxe3 12. fxe3 Rxe3 13. Rde1 Bf4 14.
Rxe3 Bxe3 15. Kb1 Nc6 16. h3 Bxd2 17. Qxd2 Bxf3 18. gxf3 Qf6 19. Qg2 Re8 20.
Rg1 Re3 21. Bb5 Ne7 22. Ba4 c6 23. a3 Nf5 24. Bc2 Nd6 25. Qg4 Ne8 26. Bf5 g6
27. Bd7 Ng7 28. Bc8 Rxf3 29. Bxb7 Rf1+ 30. Rxf1 Qxf1+ 31. Ka2 Qc4+ 32. Kb1
Qf1+ 33. Ka2 Nf5 34. Kb3 Kg7 35. h4 Qc4+ 36. Kc2 Ne3+ {White forfeits on
time} 0-1

[Event "ICCopen2017"]
[Site "Internet Chess Club"]
[Date "2017.03.19"]
[Round "3"]
[White "sicilianfan"]
[Black "Colombiano07"]
[Result "0-1"]
[ICCResult "White resigns"]
[WhiteElo "1586"]
[BlackElo "1982"]
[Opening "QGD: Grau (Sahovic) defense"]
[ECO "D06"]
[NIC "QP.08"]
[Time "19:36:52"]
[TimeControl "180+0"]

1. d4 d5 2. c4 Bf5 3. Nc3 e6 4. cxd5 exd5 5. Qb3 Nc6 6. Nf3 Nb4 7. e4 dxe4
8. Ne5 Be6 9. Qa4+ c6 10. Be3 Nf6 11. a3 Nbd5 12. Bg5 Be7 13. O-O-O O-O 14.
g3 b5 15. Qc2 a5 16. Nxe4 Nxe4 17. Bxe7 Qxe7 18. Qxe4 b4 19. a4 b3 20. Qd3
c5 21. Qxb3 cxd4 22. Rxd4 Rfc8+ 23. Bc4 Rab8 24. Qa2 Nb4 25. Qb1 f6 26. Nd3
Bxc4 27. Nxb4 Qxb4 28. Kd1 Bb3+ {White resigns} 0-1

[Event "ICCopen2017"]
[Site "Internet Chess Club"]
[Date "2017.03.19"]
[Round "3"]
[White "capatal1"]
[Black "SWAT-TEAM"]
[Result "0-1"]
[ICCResult "White forfeits on time"]
[WhiteElo "1397"]
[BlackElo "1873"]
[Opening "Queen's Pawn"]
[ECO "A41"]
[NIC "QO.17"]
[Time "19:36:19"]
[TimeControl "180+0"]

1. d4 d6 2. Nf3 Nd7 3. Bg5 Ngf6 4. Nbd2 e6 5. e4 Be7 6. Bd3 e5 7. dxe5 Nxe5
8. Nxe5 dxe5 9. Nf3 Bd6 10. O-O O-O 11. Re1 Bg4 12. h3 Bh5 13. Qe2 h6 14.
Bh4 g5 15. Bg3 Qe7 16. Rad1 Rad8 17. Bc4 c6 18. Qe3 Kh7 19. Bd3 a6 20. b3
Bg6 21. c4 Nh5 22. Bh2 Nf4 23. Bc2 Bc5 24. Qc3 Rxd1 25. Bxd1 f6 26. b4 Bxb4
27. Qe3 Bxe1 28. Nxe1 Qd7 29. Be2 Rd8 30. Bg3 Qd2 31. Qxd2 Rxd2 32. Bf1 Bxe4
33. f3 Bg6 34. Bf2 Rxa2 35. g3 Ne2+ {White forfeits on time} 0-1

[Event "ICCopen2017"]
[Site "Internet Chess Club"]
[Date "2017.03.19"]
[Round "3"]
[White "Chamanx"]
[Black "FytinFrank"]
[Result "0-1"]
[ICCResult "White forfeits on time"]
[WhiteElo "1270"]
[BlackElo "1855"]
[Opening "Caro-Kann defense"]
[ECO "B10"]
[NIC "CK.01"]
[Time "19:35:12"]
[TimeControl "180+0"]

1. e4 c6 2. Nf3 g6 3. d4 d5 4. e5 Bg4 5. h3 Bxf3 6. Qxf3 e6 7. Nc3 c5 8. Be3
cxd4 9. Bxd4 Nc6 10. Qd3 Nxd4 11. Qxd4 Ne7 12. Be2 Nc6 13. Qe3 d4 14. Qd3
dxc3 15. Qxc3 Bb4 16. O-O Bxc3 17. bxc3 Nxe5 18. Rfd1 Qb6 19. Rab1 Qc6 20.
Bb5 Rc8 21. Bxc6+ bxc6 22. Rb7 a5 23. Rdb1 O-O 24. f4 Nc4 25. Re7 Rfd8 26.
Rbb7 Nd6 27. Ra7 Nb5 28. Rab7 Nd6 29. Ra7 Ra8 30. Rac7 Nb5 31. Rb7 Rab8 32.
Rxf7 Rxb7 33. Rxb7 Nxc3 34. Rc7 Rd6 35. Ra7 a4 36. a3 Rd2 37. Rc7 Rxc2 38.
Rxc6 Rc1+ 39. Kh2 Kf7 40. Rc4 Kf6 41. g4 h5 42. g5+ Kf5 43. Rc5+ Kxf4 44. h4
Kg4 45. Rc6 Kxh4 46. Rxe6 Kxg5 47. Rc6 Rc2+ 48. Kg3 h4+ 49. Kh3 Kh5 50. Rc5+
g5 51. Ra5 Rd2 52. Rc5 Rd3+ 53. Kg2 Kg4 54. Rc4+ Kf5 55. Rc5+ Nd5 56. Kf2 g4
57. Ke2 Rd4 58. Ra5 Kf4 59. Kf2 g3+ 60. Kg2 Kg4 61. Ra8 Rd2+ 62. Kf1 g2+ 63.
Kg1 Kh3 {White forfeits on time} 0-1